 Dungeon Crawl Stone Soup version 0.31-a0-202-g547052bce9 (webtiles) character file.

Game seed: 13941281130301115911

112 qw the Skirmisher (level 4, 0/25 HPs)
             Began as a Deep Elf Hunter on June 26, 2023.
             Slain by a ball python (2 damage)
             ... on level 3 of the Dungeon.
             The game lasted 00:00:40 (1255 turns).

qw the Skirmisher (Deep Elf Hunter)                 Turns: 1255, Time: 00:00:40

Health: 0/25       AC:  9    Str: 10    XL:     4   Next: 64%
Magic:  6/6        EV: 11    Int: 14    God:
Gold:   128        SH:  0    Dex: 18    Spells: 3/3 levels left

rFire   . . .        Y - +0 shortbow
rCold   . . .        (shield currently unavailable)
rNeg    . . .        b - +3 ring mail
rPois   .            (no helmet)
rElec   .            (no cloak)
rCorr   .            (no gloves)
SInv    .            h - +0 pair of boots
Will    .....        c - amulet of faith
Stlth   +            (no ring)
HPRegen 0.24/turn    (no ring)
MPRegen 0.10/turn

%: faith
@: no status effects
A: no striking features
a: no special abilities


You were on level 3 of the Dungeon.
You visited 1 branch of the dungeon, and saw 3 of its levels.

You collected 128 gold pieces.


   Skills:
 - Level 1.5 Fighting
 + Level 8.1 Ranged Weapons
 - Level 2.4 Dodging
 - Level 1.2 Stealth


You had 3 spell levels left.
You didn't know any spells.
Your spell library was empty.

Inventory:

Hand Weapons
 Y - a +0 shortbow (weapon)
Armour
 b - a +3 ring mail (worn)
 h - a +0 pair of boots (worn)
Jewellery
 c - an amulet of faith (around neck)
Scrolls
 f - a scroll of identify
 i - a scroll of fear {unknown}
Potions
 d - a potion of attraction {unknown}
 e - 2 potions of curing
 g - a potion of heal wounds {unknown}

Dungeon Overview and Level Annotations

Branches:
Dungeon (3/15)

Altars:
Trog


Message History

Found a stone staircase leading up.
A frilled lizard comes into view.
You shoot an arrow. The arrow hits the frilled lizard!
You kill the frilled lizard!
Found a robe.
i - a scroll labelled VOJOZAE GYLELA
Found a robe.
A frilled lizard comes into view.
Found a leather armour.
You shoot an arrow. The arrow hits the frilled lizard.
The frilled lizard hisses angrily.
The frilled lizard is heavily wounded.
You hear a shout!
A kobold comes into view.
It is wielding a +2 whip of electrocution.
You shoot an arrow. The arrow hits the kobold.
The kobold is heavily wounded.
You shoot an arrow. The arrow closely misses the kobold.
The kobold hits you with a +2 whip of electrocution.
You are electrocuted!!
Ouch! That really hurt!
A worm comes into view.
1251 ||| READING scroll of teleportation.
As you read the scroll of teleportation, it crumbles to dust.
You feel strangely unstable. The kobold closely misses you.
You shoot an arrow. The arrow hits the kobold!
You kill the kobold!
The frilled lizard completely misses you.
You shoot an arrow.
The arrow closely misses the frilled lizard.
The frilled lizard bites you but does no damage.
You shoot an arrow.
The arrow closely misses the frilled lizard.
Your surroundings suddenly seem different.
A ball python comes into view.
You shoot an arrow. The arrow hits the ball python.
The ball python hisses angrily.
The ball python is severely wounded.
The ball python bites you.
You die...

.. ### .###
#.
..#####lw.#
#. #.##...#
#. ##
#.##.#.# #
#. .
..##.#.#
... #. .#
.%...#.#
....##.##.#
##..##.+
.......S..#
..#.####
.......@..#
....#
#+#.......#
....#
#.......#
.....
##......#
.[...
#......#
...##.
+......#
#......#
#......#


You could see a ball python.

Vanquished Creatures
  5 adders
  3 worms (D:2)
  3 dart slugs
  3 ball pythons
  3 endoplasms
  6 giant cockroaches
  9 goblins
  5 hobgoblins
  A quokka (D:1)
  4 bats
  3 frilled lizards
  4 kobolds
  6 rats
55 creatures vanquished.

Notes
Turn   | Place    | Note
-------+----------+-------------------------------------------
     0 | D:1      | qw the Deep Elf Hunter began the quest for the Orb.
     0 | D:1      | Reached XP level 1. HP: 12/12 MP: 3/3
     0 | D:1      | 0 ||| qw: Version: 0.3-a-22-g0ed2b0b
     0 | D:1      | 0 ||| qw: Game counter: 5875
     0 | D:1      | 0 ||| qw: Melee chars always use a shield: true
     0 | D:1      | 0 ||| qw: God list: Okawaru
     0 | D:1      | 0 ||| qw: Allow faded altars: false
     0 | D:1      | 0 ||| qw: Do Orc after clearing Dungeon:15 true
     0 | D:1      | 0 ||| qw: Do second Lair branch before Depths: true
     0 | D:1      | 0 ||| qw: Lair rune preference: random
     0 | D:1      | 0 ||| qw: Goals: Normal
     0 | D:1      | 0 ||| PLANNING D:1-11
    75 | D:1      | Reached XP level 2. HP: 16/16 MP: 4/4
    78 | D:1      | Reached skill level 6 in Ranged Weapons
   249 | D:1      | Found a faded altar of an unknown god.
   415 | D:1      | Reached XP level 3. HP: 20/20 MP: 5/5
   532 | D:1      | 532 ||| UPGRADING to +0 pair of boots.
   537 | D:1      | 537 ||| UPGRADING to +0 scale mail.
   547 | D:1      | 547 ||| DROPPING +0 leather armour.
   548 | D:1      | 548 ||| READING 2 scrolls labelled YMUODA LACZYR.
   551 | D:1      | 551 ||| READING scroll labelled REINEY OCHURATH.
   552 | D:1      | 552 ||| DRINKING 2 fuming yellow potions.
   553 | D:1      | 553 ||| DROPPING scroll of butterflies.
   747 | D:2      | Found a bloodstained altar of Trog.
   781 | D:2      | Reached skill level 7 in Ranged Weapons
   879 | D:2      | Reached XP level 4. HP: 21/25 MP: 6/6
   879 | D:2      | 879 ||| FLEEEEING.
   880 | D:2      | 880 ||| FLEEEEING.
   881 | D:2      | 881 ||| FLEEEEING.
   882 | D:2      | 882 ||| FLEEEEING.
   883 | D:2      | 883 ||| FLEEEEING.
   898 | D:2      | 898 ||| FLEEEEING.
   899 | D:2      | 899 ||| FLEEEEING.
   900 | D:2      | 900 ||| FLEEEEING.
  1125 | D:2      | 1125 ||| UPGRADING to +3 ring mail.
  1135 | D:2      | 1135 ||| DROPPING +0 scale mail.
  1136 | D:2      | 1136 ||| UPGRADING to amulet of faith.
  1205 | D:3      | Reached skill level 8 in Ranged Weapons
  1250 | D:3      | HP: 1/25 [kobold/+2 whip of electrocution (19)]
  1251 | D:3      | 1251 ||| READING scroll of teleportation.
  1255 | D:3      | Slain by a ball python

Levels and vault maps discovered:
D:1:      saegor_arrival_simple_d, layout_rooms,
          hellmonk_ecumenical_altar_zigzags, minmay_worlds_worst_comb
D:2:      layout_basic, basic_altar
D:3:      layout_basic

Skill      XL: |  1  2  3  4 |
---------------+-------------+-----
Ranged Weapons | 6 7 8 |  8.1
Fighting       | |  1.5
Dodging        | |  2.4
Stealth        | |  1.2

Action                     |  1- 3 |  4- 6 || total
---------------------------+-------+-------++-------
   Fire: Shortbow          |    97 |    45 ||   142
    Use: Scroll            |     2 |     1 ||     3
         Potion            |     1 |       ||     1
 Armour: Scale mail        |    13 |     2 ||    15
         Ring mail         |       |     4 ||     4
  Dodge: Dodged            |    14 |    11 ||    25

Table legend:
 A = Non-vault XP
 B = Vault XP
 C = Vault XP percentage of total XP
 D = Non-vault monster count
 E = Vault monster count
 F = Vault count percentage of total count
                 A         B        C        D         E       F
            +---------+---------+-------+---------+---------+-------
      Total |     153 |       8 |   5.0 |      51 |       4 |   7.3
            +---------+---------+-------+---------+---------+-------
        D:1 |      35 |       8 |  18.6 |      21 |       4 |  16.0
        D:2 |      89 |       0 |   0.0 |      20 |       0 |   0.0
        D:3 |      29 |       0 |   0.0 |      10 |       0 |   0.0
            +---------+---------+-------+---------+---------+-------
